Map: 2000 Atmospheres LE

Players

Probe - Winner!

  • Race: Protoss Protoss

Seither

  • Race: Terran Terran

Event: DreamHack SC2 Masters 2021 Fall

VOD

Have the link to the VOD?

Description

Time

  • Played on: July 30, 2021, 4:49 a.m.
  • Length: 12:55

All games in this series

Show
View Real Time Build Order
Export as new Build Order

Probe Protoss - Winner!

Build Orders: 1 Gate Expand, Blink Stalkers 

Get SALT Encoding   

  12  0:00  Probe  
  13  0:12  Probe  
  14  0:17  Pylon  
  14  0:24  Probe (Chrono Boost)  
  15  0:36  Probe (Chrono Boost)  
  15  0:38  Gateway  
  16  0:44  Probe (Chrono Boost)  
  16  0:45  Assimilator  
  17  0:51  Probe  
  18  1:03  Probe  
  19  1:15  Probe  
  20  1:24  Cybernetics Core  
  20  1:31  Nexus  
  20  1:34  Probe  
  21  1:42  Pylon  
  21  1:47  Assimilator  
  21  1:48  Probe  
  22  1:58  Adept (Chrono Boost)  
  22  2:00  Probe  
  25  2:07  Shield Battery  
  25  2:12  Probe  
  26  2:20  Stalker (Chrono Boost)  
  28  2:25  Probe  
  28  2:28  Warp Gate  
  30  2:37  Probe  
  30  2:41  Stalker (Chrono Boost)  
  32  2:46  Probe  
  32  2:49  Probe  
  34  2:54  Twilight Council  
  34  2:58  Probe  
  34  3:01  Probe  
  36  3:10  Probe  
  37  3:13  Probe  
  38  3:23  Probe  
  38  3:25  Probe (Chrono Boost)  
  40  3:29  Blink (Chrono Boost)  
  40  3:30  Robotics Facility  
  40  3:35  Probe (Chrono Boost)  
  40  3:37  Probe (Chrono Boost)  
  42  3:45  Probe (Chrono Boost)  
  42  3:46  Probe (Chrono Boost)  
  44  3:50  Gateway, Probe (Chrono Boost)  
  44  3:51  Gateway  
  44  3:52  Probe  
  46  3:59  Pylon  
  46  4:04  Assimilator  
  46  4:06  Assimilator  
  46  4:10  Pylon  
  46  4:17  Probe x2  
  48  4:18  Observer (Chrono Boost)  
  48  4:21  Stalker  
  51  4:24  Pylon  
  51  4:29  Probe x2  
  51  4:31  Observer (Chrono Boost)  
  54  4:41  Probe x2  
  56  4:46  Stalker x3  
  62  4:53  Pylon, Probe x2, Robotics Bay  
  62  4:56  Observer  
  65  5:05  Probe x2  
  67  5:07  Shield Battery  
  67  5:10  Shield Battery, Stalker  
  67  5:12  Stalker  
  67  5:13  Stalker  
  73  5:17  Pylon  
  73  5:20  Charge (Chrono Boost)  
  73  5:23  Probe x2  
  75  5:35  Probe  
  72  5:39  Stalker x3  
  69  5:45  Observer  
  68  5:53  Nexus  
  68  6:05  Forge  
  68  6:06  Forge  
  68  6:07  Colossus (Chrono Boost)  
  74  6:13  Probe  
  74  6:14  Probe  
  74  6:15  Sentry  
  78  6:26  Gateway, Probe  
  78  6:27  Gateway, Probe  
  80  6:35  Gateway  
  80  6:40  Protoss Ground Weapons Level 1 (Chrono Boost), Protoss Ground Armor Level 1 (Chrono Boost)  
  80  6:41  Observer, Probe x2  
  82  6:47  Zealot  
  82  6:48  Sentry  
  82  6:52  Pylon  
  86  6:59  Pylon  
  86  7:05  Probe x2  
  86  7:06  Probe  
  89  7:09  Observer, Colossus  
  89  7:12  Sentry  
  97  7:16  Zealot x2  
  97  7:17  Probe x2  
  97  7:21  Probe  
  104  7:23  Shield Battery  
  104  7:25  Pylon  
  104  7:28  Zealot x2  
  108  7:36  Probe  
  107  7:38  Probe  
  106  7:45  Pylon, Probe  
  106  7:47  Assimilator  
  106  7:48  Assimilator, Probe  
  106  7:50  Dark Shrine  
  108  7:52  Gateway  
  108  7:53  Extended Thermal Lance  
  108  7:55  Gateway  
  108  7:58  Zealot  
  108  7:59  Zealot x2  
  114  8:06  Colossus  
  120  8:15  Nexus  
  120  8:21  Pylon  
  120  8:30  Zealot x5  
  130  8:35  Protoss Ground Weapons Level 2 (Chrono Boost), Protoss Ground Armor Level 2 (Chrono Boost)  
  130  8:51  Zealot x5  
  138  8:58  Stalker  
  138  9:01  Pylon x2  
  136  9:15  Probe  
  133  9:18  Probe  
  133  9:20  Stalker x5  
  133  9:21  Probe  
  143  9:27  Probe  
  143  9:30  Probe  
  145  9:33  Templar Archives  
  145  9:37  Observer  
  146  9:40  Zealot x3  
  152  9:48  Zealot  
  152  9:49  Zealot  
  156  10:01  Pylon x3  
  154  10:12  Probe x2  
  155  10:18  Pylon x2  
  155  10:19  Pylon  
  155  10:23  Observer  
  155  10:24  Stalker x5  
  151  10:34  Probe  
  133  10:39  Zealot x3  
  133  10:40  Probe x2  
  136  10:47  Probe  
  135  10:50  High Templar  
  135  10:51  High Templar x3  
  135  10:52  Probe x2  
  135  10:54  Archon  
  135  10:55  Archon  
  141  10:59  Probe  
  141  11:01  Pylon  
  134  11:14  Zealot x3  
  134  11:15  Nexus, Zealot  
  126  11:22  Colossus  
  126  11:25  Zealot x4  
  123  11:27  Probe  
  112  11:33  Probe x2  
  112  11:36  High Templar x3  
  112  11:37  High Templar  
  114  11:41  Archon  
  114  11:42  Archon  
  114  11:44  Probe  
  115  11:56  Zealot  
  115  11:57  Zealot x3  
  115  12:00  Shield Battery  
  121  12:06  Shield Battery  
  119  12:09  Zealot x4  
  127  12:22  Stalker x4  
  135  12:34  Zealot x4  
Show
View Real Time Build Order
Export as new Build Order

Seither Terran 

Build Orders:  

Get SALT Encoding   

  12  0:00  SCV  
  13  0:12  SCV  
  14  0:16  Supply Depot  
  14  0:24  SCV  
  15  0:38  SCV  
  15  0:39  Barracks  
  16  0:44  Refinery  
  16  0:50  SCV  
  17  1:02  SCV  
  18  1:14  SCV  
  19  1:26  Orbital Command  
  19  1:27  Barracks Reactor  
  19  1:43  Command Center  
  19  1:53  Supply Depot  
  19  1:55  SCV  
  20  2:06  Reaper x2  
  22  2:09  SCV  
  23  2:17  Barracks  
  23  2:26  SCV  
  23  2:28  Barracks  
  24  2:38  Marine x2, SCV  
  27  2:50  SCV  
  28  2:55  Marine  
  28  2:56  Marine  
  29  3:02  SCV  
  30  3:05  Barracks Tech Lab  
  28  3:14  SCV  
  28  3:15  Marine x2  
  31  3:25  Stimpack  
  31  3:27  Barracks Tech Lab  
  31  3:34  SCV  
  31  3:35  Orbital Command, Marauder  
  31  3:36  Marine x2  
  36  3:44  Engineering Bay  
  36  3:46  SCV  
  39  3:48  Marauder  
  39  3:53  Combat Shield  
  39  3:54  Supply Depot  
  39  3:55  Marine  
  39  3:56  Marine  
  39  3:59  SCV  
  42  4:05  Marauder  
  44  4:11  SCV  
  44  4:15  Marauder  
  47  4:18  SCV  
  47  4:19  Supply Depot  
  47  4:20  Refinery  
  47  4:21  Marine x2  
  47  4:23  SCV  
  51  4:28  Refinery  
  51  4:31  Marauder  
  53  4:33  SCV  
  54  4:41  Marine x2, SCV  
  54  4:43  Supply Depot  
  57  4:56  SCV x2  
  57  4:57  Factory  
  59  5:03  Marine, Marauder  
  59  5:04  Marine, Marauder  
  63  5:07  Supply Depot  
  63  5:11  SCV x2  
  65  5:15  Terran Infantry Weapons Level 1  
  65  5:19  Concussive Shells  
  65  5:21  Marine  
  65  5:22  Marine  
  65  5:23  Refinery, SCV x2  
  64  5:35  SCV  
  64  5:36  SCV  
  64  5:40  Marine  
  64  5:41  Marauder x2  
  66  5:46  Bunker  
  66  5:47  SCV  
  66  5:48  SCV  
  58  5:50  Factory Reactor, Starport  
  58  6:00  SCV  
  58  6:02  Marauder x2  
  58  6:03  Marine x2  
  65  6:07  SCV  
  66  6:11  Supply Depot  
  66  6:12  SCV  
  67  6:20  SCV  
  67  6:23  Marine  
  67  6:24  Marine, Marauder x2  
  74  6:30  Supply Depot  
  74  6:33  SCV x2  
  74  6:35  Medivac x2  
  74  6:39  Supply Depot  
  80  6:40  Factory Tech Lab  
  80  6:42  Marine  
  80  6:43  Marine  
  80  6:46  Marauder x2  
  86  7:02  Command Center  
  86  7:03  Marine x2  
  86  7:04  Siege Tank  
  86  7:05  Supply Depot  
  91  7:11  SCV x2  
  91  7:13  Marauder x2  
  96  7:22  Medivac x2  
  98  7:27  Supply Depot  
  100  7:33  Supply Depot  
  100  7:36  Siege Tank  
  101  7:41  Marine x2, Marauder x2  
  102  7:48  Barracks  
  102  7:50  Barracks  
  102  7:54  Medivac x2  
  102  7:58  SCV x2  
  108  8:03  Marauder x2  
  108  8:04  Marine x2  
  114  8:05  Terran Infantry Armor Level 1  
  114  8:10  SCV x2, Supply Depot  
  116  8:13  Siege Tank  
  116  8:16  Orbital Command  
  119  8:23  Marine x2  
  121  8:30  Viking x2  
  121  8:31  Marauder  
  121  8:34  SCV x2  
  128  8:38  Supply Depot  
  128  8:40  Barracks Reactor, Barracks Tech Lab  
  129  8:53  Siege Tank  
  132  8:57  Marine x2, Marauder x2  
  138  9:04  Viking x2  
  140  9:14  Orbital Command, Marauder  
  140  9:15  Marine x2  
  142  9:19  SCV x2, Marauder  
  146  9:25  Siege Tank  
  149  9:34  Marine x2, Viking, Marauder  
  149  9:36  Marauder  
  157  9:40  Supply Depot, SCV  
  157  9:41  SCV  
  159  9:48  Marine  
  159  9:49  Marauder  
  162  9:54  SCV x2  
  164  10:01  Marine, Supply Depot  
  164  10:02  Marine, Siege Tank, Marauder x2  
  173  10:20  Marine  
  173  10:22  Marauder  
  152  10:31  Marine, Marauder  
  152  10:34  SCV x2, Siege Tank  
  152  10:35  SCV  
  134  10:44  Marine x2  
  134  10:45  Marauder x2  
  134  10:48  Medivac x2  
  129  10:58  Marine, Marauder  
  124  11:06  Marine x2, Siege Tank  
  121  11:15  Marine  
  103  11:19  Marine  
  103  11:24  Marine  
  78  11:37  Marine  
  65  11:56  Marine x3  
  68  12:06  Siege Tank  
  68  12:08  Marine  
  70  12:31  Marine x2, Marauder x3  

Tags
 
Add a new tag
Caveats
  • Supply blocks, unpowered buildings, or Contaminate may cause inaccurate times.
  • Supply counts are checked every 10 seconds.